 Dungeon Crawl Stone Soup version 0.29-a0-520-gc852659d43 (webtiles) character file.

Game seed: 8232815813335720911

186 xian the Conjurer (level 5, -3/39 HPs)
             Began as a Draconian Conjurer on May 31, 2022.
             Slain by an iguana (6 damage)
             ... on level 3 of the Dungeon.
             The game lasted 00:06:53 (2506 turns).

xian the Conjurer (Draconian Conjurer)              Turns: 2506, Time: 00:06:55

Health: -3/39      AC:  7    Str: 10    XL:     5   Next: 38%
Magic:  6/9        EV: 16    Int: 20    God:
Gold:   118        SH:  0    Dex:  9    Spells: 7/10 levels left

rFire   . . .      SeeInvis .   s - +2 mace (holy)
rCold   . . .      Faith    .   (no shield)
rNeg    . . .      Spirit   .   (body armour unavailable)
rPois   .          Reflect  .   (helmet restricted)
rElec   .          Harm     .   t - +0 cloak
rCorr   .          Rampage  .   p - +0 pair of gloves
Will    .....                   (no boots)
Stlth   ++........              (no amulet)
HPRegen 0.13/turn               r - +4 ring of evasion
MPRegen 0.11/turn               (no ring)

@: no status effects
A: AC +5, unfitting armour, cold-blooded
a: no special abilities


You were on level 3 of the Dungeon.
You visited 1 branch of the dungeon, and saw 4 of its levels.

You collected 118 gold pieces.

Inventory:

Hand Weapons
 i - a +3 quarterstaff of chaos
 s - a +2 mace of holy wrath (weapon)
Missiles
 g - 6 silver boomerangs
Armour
 p - a +0 pair of gloves (worn)
 t - a +0 cloak (worn)
Jewellery
 r - a +4 ring of evasion (left hand)
Scrolls
 b - a scroll of noise {unknown}
 f - 5 scrolls of identify {unknown}
 h - a scroll of immolation {unknown}
 l - a scroll of poison {unknown}
 o - a scroll of teleportation {unknown}
 q - a scroll of enchant weapon {unknown}
Potions
 c - a potion of brilliance {unknown}
 d - a potion of heal wounds {unknown}
 e - 6 potions of curing {unknown}
 j - a potion of mutation {unknown}
 k - a potion of degeneration {unknown}
 m - a potion of attraction {unknown}
 n - a potion of berserk rage {unknown}


   Skills:
 + Level 0.4 Fighting
 + Level 1.2 Short Blades
 + Level 2.3 Dodging
 + Level 2.2 Stealth
 + Level 0.8 Unarmed Combat
 + Level 3.2 Spellcasting
 + Level 5.1 Conjurations


You had 7 spell levels left.
You knew the following spells:

 Your Spells              Type           Power      Damage    Failure   Level
a - Magic Dart            Conj           92%        1d7       1%          1
b - Searing Ray           Conj           46%        2d6       2%          2

Your spell library contained the following spells:

 Spells                   Type           Power      Damage    Failure   Level
 Conjure Flame            Conj/Fire      13%        6-21      14%         3
 Dazzling Flash           Conj/Hex       26%        N/A       14%         3
 Ignite Poison            Fire/Tmut/Pois 3%         N/A       38%         3
 Fulminant Prism          Conj/Hex       6%         3d7       43%         4
 Iskenderun's Mystic Bla  Conj/Tloc      13%        2d5       43%         4
 Sticky Flame             Conj/Fire      13%        2d4       43%         4


Dungeon Overview and Level Annotations

Branches:
Dungeon (4/15)
 Temple: D:4-7

Altars:


Innate Abilities, Weirdness & Mutations

Your plain brown scales are hard. (AC +5)
You cannot fit into any form of body armour.
You are cold-blooded and may be slowed by cold attacks.


Message History

The magic dart hits the iguana but does no damage.
The iguana is almost dead.
The scorpion stings you but does no damage.
The orc hits you with a +0 whip. The iguana bites you.
Magic courses through your body.
The ogre hits you with a +0 giant spiked club!!
* * * LOW HITPOINT WARNING * * *
The scorpion completely misses you. The orc misses you.
The iguana closely misses you.
Casting: Magic Dart (safe; 1% risk of failure)
Confirm with . or Enter, or press ? or * to list all spells.
Aiming: Searing Ray (safe; 2% risk of failure)
Press: ? - help, Shift-Dir - straight line, f - scorpion, p - iguana
Aim: a scorpion (78% to hit)
Okay, then.
The scorpion attacks as you move away! The scorpion misses you.
The orc closely misses you. The ogre attacks as you move away!
The ogre barely misses you. The orc misses you.
Casting: Searing Ray (safe; 2% risk of failure)
Confirm with . or Enter, or press ? or * to list all spells.
Aiming: Searing Ray (safe; 2% risk of failure)
Press: ? - help, Shift-Dir - straight line, f - ogre, p - iguana
Aim: an ogre, wielding a +0 giant spiked club (lightly wounded, 89% to hit)
The searing ray hits the scorpion!
The scorpion is heavily wounded.
The searing ray hits the ogre.
The ogre is lightly wounded. (Press . to maintain the ray.)
The scorpion barely misses you. The iguana bites you.
* * * LOW HITPOINT WARNING * * *
The orc hits you but does no damage.
The scorpion stings you but does no damage.
The searing ray hits the scorpion but does no damage.
The scorpion is heavily wounded.
The searing ray hits the ogre!
The ogre is heavily wounded.
The scorpion closely misses you. The orc completely misses you.
The iguana bites you.
You die...

#..........#...#.......
#..........###.#.......
#######'##.....##......
#.###########...#
#########.# #.........#
#.........#####.........#
#.......O>...............
#......lso#.###......####
#.......@##.# #......#
#........'..# #......#
#........#### #......####
#........# #.........#
############ #..........
#....# #####......
#....########......
#...........#......
#...........#......


You could see an ogre, a scorpion, an iguana and an orc.

Vanquished Creatures
  A scorpion (D:2)
  Crazy Yiuf (D:3)
  5 adders
  An ufetubus (D:4)
  A worm (D:3)
  A dart slug (D:1)
  5 ball pythons
  3 endoplasms
  A giant cockroach (D:1)
  3 goblins
  5 hobgoblins
  6 jackals (D:2)
  4 quokkas
  3 bats
  2 frilled lizards
  A kobold (D:1)
  2 rats
45 creatures vanquished.

Vanquished Creatures (others)
  37 plants (D:2)
37 creatures vanquished.

Grand Total: 82 creatures vanquished

Notes
Turn   | Place    | Note
-------+----------+-------------------------------------------
     0 | D:1      | xian the Draconian Conjurer began the quest for the Orb.
     0 | D:1      | Reached XP level 1. HP: 14/14 MP: 3/3
   328 | D:1      | Reached XP level 2. HP: 17/20 MP: 1/5
  1033 | D:2      | You fall into a shaft and drop 1 floor!
  1087 | D:3      | Reached XP level 3. HP: 26/26 MP: 0/6
  1310 | D:2      | Noticed a scorpion
  1314 | D:2      | Learned a level 2 spell: Searing Ray
  1324 | D:2      | Killed a scorpion
  1325 | D:2      | Reached XP level 4. HP: 25/33 MP: 0/8
  1871 | D:2      | Reached skill level 5 in Conjurations
  2016 | D:3      | Reached XP level 5. HP: 36/38 MP: 1/9
  2173 | D:3      | Reached skill level 1 in Short Blades
  2296 | D:3      | Found a runed translucent door.
  2297 | D:3      | Noticed Crazy Yiuf
  2304 | D:3      | Killed Crazy Yiuf
  2489 | D:4      | Noticed an ogre
  2506 | D:3      | Slain by an iguana

Illustrated notes

Levels and vault maps discovered:
D:1:      scummos_arrival_checkerplants, layout_loops_cross,
          wander_ebering_terrifying_dragon_lair
D:2:      layout_rooms, serial_bayou, serial_bayou_lagoon_a,
          serial_bayou_pond_b, serial_bayou_crossing, serial_bayou_pond_c
D:3:      layout_basic, uniq_crazy_yiuf_cottage
D:4:      layout_rooms, tgw_trog, minmay_temple_entry_statues, minmay_ruptured

Skill      XL: |  1  2  3  4  5 |
---------------+----------------+-----
Stealth        | 2 |  2.2
Dodging        | 2 |  2.3
Spellcasting   | 3 |  3.2
Conjurations   | 5 |  5.1
Short Blades   | 1 |  1.2
Fighting       | |  0.4
Unarmed Combat | |  0.8

Action                   |  1- 3 |  4- 6 || total
-------------------------+-------+-------++-------
Melee: Dagger            |    11 |       ||    11
       Unarmed           |     5 |       ||     5
       Tailslap          |     2 |     5 ||     7
       Short sword       |     4 |    26 ||    30
 Cast: Magic Dart        |    36 |    53 ||    89
       Searing Ray       |     1 |     3 ||     4
  Use: Potion            |       |     1 ||     1
Armor: Skin              |     5 |    22 ||    27
Dodge: Dodged            |    24 |    50 ||    74

Table legend: (Time is in decaauts)
 A = Elapsed time spent in this place.
 B = Non-inter-level travel time spent in this place.
 C = Inter-level travel time spent in this place.
 D = Time resting spent in this place.
 E = Time spent auto-exploring this place.
 F = Levels seen in this place.
 G = Mean time per level.
                   A        B        C        D        E       F      G
               +--------+--------+--------+--------+--------+-----+--------+
         Total |   2526 |   2447 |     79 |      0 |   1919 |   4 |  631.5 |
       Dungeon |   2526 |   2447 |     79 |      0 |   1919 |   4 |  631.5 |
               +--------+--------+--------+--------+--------+-----+--------+

Top non-repeatable levels by time:
     D:1: 1030 daAuts
     D:3: 787 daAuts
     D:2: 696 daAuts
     D:4: 13 daAuts
